 Dungeon Crawl Stone Soup version 0.31-a0-1059-g83d41fd8b6 (webtiles) character file.

Game seed: 5613156098265752168

1435 MackTheKnife the Tainter (level 9, -4/66 (69) HPs)
             Began as a Formicid Venom Mage on Nov 21, 2023.
             Was a Follower of Fedhas.
             Slain by a wight
             ... wielding a +1 mace of freezing
              (8 damage)
             ... on level 6 of the Dungeon.
             The game lasted 00:12:54 (6912 turns).

MackTheKnife the Tainter (Formicid Venom Mage)      Turns: 6912, Time: 00:12:55

HP:   -4/66 (69)    AC:  4    Str: 13    XL:     9   Next: 3%
MP:   18/18         EV: 13    Int: 19    God:    Fedhas [*.....]
Gold: 341           SH:  0    Dex: 14    Spells: 13/20 levels left

rFire   . . .        h - +3 rapier (venom) {short}
rCold   . . .        (no shield)
rNeg    . . .        o - +0 leather armour
rPois   .            (helmet unavailable)
rElec   .            B - +0 cloak
rCorr   .            (no gloves)
SInv    +            (no boots)
Will    +....        (no amulet)
Stlth   ++           e - ring of willpower
HPRegen 0.31/turn    l - +4 ring of slaying
MPRegen 0.16/turn

%: no passive effects
@: lightly drained
A: permanent stasis, dig shafts and tunnels, antennae 3, four strong arms
a: Dig, Shaft Self, Renounce Religion


You were on level 6 of the Dungeon.
You worshipped Fedhas.
Fedhas was aware of your devotion.
You visited 1 branch of the dungeon, and saw 6 of its levels.

You collected 341 gold pieces.


Innate Abilities, Weirdness & Mutations

You cannot be hasted, slowed, berserked, paralysed or teleported.
You can dig through walls and to a lower floor.
You have a pair of large antennae on your head. (SInv)
Your four strong arms can wield two-handed weapons with a shield.


   Skills:
 - Level 6.0 Fighting
 - Level 4.0 Dodging
 + Level 3.4 Stealth
 - Level 6.0 Spellcasting
 - Level 1.1 Transmutations
 - Level 8.0 Poison Magic


You had 13 spell levels left.
You knew the following spells:

 Your Spells              Type           Power      Damage    Failure   Level
a - Sting                 Tmut/Pois      88%        1d7       2%          1
b - Poisonous Vapours     Pois/Air       40%        N/A       4%          2
c - Olgreb's Toxic Radia  Pois           36%        N/A       5%          4

Your spell library contained the following spells:

 Spells                   Type           Power      Damage    Failure   Level
 Mephitic Cloud           Conj/Pois/Air  15%        N/A       14%         3

Inventory:

Hand Weapons
 h - a +3 rapier of venom (weapon) {short}
   (You took it off Duvessa on level 5 of the Dungeon)
Missiles
 i - 7 poisoned darts {throwing}
Armour
 o - a +0 leather armour (worn)
   (You took it off an orc on level 3 of the Dungeon)
 B - a +0 cloak (worn)
   (You took it off Crazy Yiuf on level 5 of the Dungeon)
Jewellery
 e - a ring of willpower (left hand)
   (You found it on level 2 of the Dungeon)
 f - a ring of flight
   (You found it on level 5 of the Dungeon)
 l - a +4 ring of slaying (right hand)
   (You found it on level 3 of the Dungeon)
Wands
 t - a wand of polymorph (8)
   (You found it on level 4 of the Dungeon)
Scrolls
 a - a scroll of revelation
 d - a scroll of amnesia {unknown}
 j - 2 scrolls of vulnerability {!r!r}
 n - 2 scrolls of poison {!r}
 r - a scroll of enchant weapon {unknown}
 s - a scroll of noise {unknown}
 v - a scroll of immolation {unknown}
 w - a scroll of fog {unknown}
Potions
 b - 2 potions of magic
 c - 2 potions of curing {@q1}
 g - a potion of might {unknown}
 k - 2 potions of mutation {!q}
 m - a potion of brilliance {unknown}
 p - 2 potions of degeneration {unknown}
 q - a potion of heal wounds {unknown}
 u - a potion of attraction {unknown}
 x - a potion of ambrosia {unknown}
 z - a potion of invisibility {unknown}

Dungeon Overview and Level Annotations

Branches:
Dungeon (6/15) Zot: 26193  Temple (0/1) D:5

Altars:
Cheibriados
Dithmenos
Elyvilon
Fedhas
Trog

Shops:
D:4

:
...#.......#............#....#...
#'##.......###################...
........######...#...............
........#........#...............
........#........#.....(.........
........#........#...............
.......)#........#...............
........'....z...'..>.........###
.)......#..###.z@#............#..
####+#########...#......#######..
...........'.....#......#.....#..
...........#.....#......#.....#..
#..........#.....#......#....###'
#..........#######......#....##..
........... ......#....##..
#....##.... #........ #....##....
#........


You could see 2 wights.


Message History

😎 MP[+4]
Your mp is fully restored (18).
You open the door.
There is an open door here.
Key pressed, stopping explore.
There is an open door here.
Key pressed, stopping explore.
You open the door.
There is an open door here.
You now have 341 gold pieces (gained 15).
You open the door.
There is an open door here.
There is an open door here.
You open the door.
There is an open door here.
A wight comes into view.
It is wielding a +1 mace of freezing and wearing an orb of wrath.
A wight comes into view.
It is wielding a +4 scimitar of freezing.
There is an open door here.
You see here a +0 club {mace}.
You hit the wight. The wight closely misses you.
You hit the wight.
The wight hits you with a +1 mace of freezing!
The wight freezes you. 😕 HP[-14]
You take 14 damage, and now have 55/69 hp.
MASSIVE DAMAGE!! (PAUSE)
You barely miss the wight. The wight closely misses you.
The wight hits you with a +1 mace of freezing!
The wight freezes you. 😮 HP[-16]
You take 16 damage, and now have 39/69 hp.
MASSIVE DAMAGE!! (PAUSE)
You hit the wight.
The wight hits you with a +1 mace of freezing!
* * * LOW HITPOINT WARNING * * *
The wight freezes you.
* * * LOW HITPOINT WARNING * * *
😨 HP[-12]
You take 12 damage, and now have 27/69 hp.
You hit the wight.
The wight barely misses you. 😨 HP[+1] Unknown command.
Okay, then.
Okay, then.
Unknown command.
You see here a +0 short sword {short}.
Okay, then.
The wight attacks as it pursues you! The wight barely misses you.
Things that are here:
a +0 whip {mace}; a +0 ring mail Unknown command. 😨 HP[+1] Unknown command.
Unknown command.
The wight attacks as it pursues you! The wight closely misses you.
There is an open door here.
Okay, then. 😨 HP[+1]
Okay, then.
There is an open door here.
The wight attacks as it pursues you!
The wight hits you with a +1 mace of freezing.
* * * LOW HITPOINT WARNING * * *
You feel drained.
* * * LOW HITPOINT WARNING * * *
The wight freezes you.
* * * LOW HITPOINT WARNING * * *
😨 HP[-11]
You now have 68 max hp (-1).
You take 11 damage, and now have 19/68 hp.
The wight attacks as it pursues you!
The wight hits you with a +1 mace of freezing.
* * * LOW HITPOINT WARNING * * *
The wight freezes you.
* * * LOW HITPOINT WARNING * * *
😱 HP[-5]
You take 5 damage, and now have 14/68 hp. 😱 HP[+1]
There is an open door here. 😱 HP[+1]
The wight attacks as it pursues you!
The wight hits you with a +1 mace of freezing.
* * * LOW HITPOINT WARNING * * *
You feel drained. The wight freezes you.
* * * LOW HITPOINT WARNING * * *
😱 HP[-1]
You now have 66 max hp (-2).
Unknown command.
The wight attacks as it pursues you!
The wight hits you with a +1 mace of freezing!
* * * LOW HITPOINT WARNING * * *
The wight freezes you.
* * * LOW HITPOINT WARNING * * *
There is a stone staircase leading up here. 😱 HP[-11]
You take 11 damage, and now have 4/66 hp.
The wight hits you with a +1 mace of freezing!
You die...
Fedhas appreciates your contribution to the ecosystem.

Skill      XL: |  1  2  3  4  5  6  7  8 |
---------------+-------------------------+-----
Fighting       | 1 2 3 4 6 |  6.0
Spellcasting   | 3 4 5 6 |  6.0
Poison Magic   | 5 6 8 |  8.0
Dodging        | 4 |  4.0
Stealth        | 3 |  3.4
Transmutations | |  1.1

Action                     |  1- 3 |  4- 6 |  7- 9 || total
---------------------------+-------+-------+-------++-------
  Melee: Unarmed           |    10 |       |       ||    10
         Short sword       |     6 |       |       ||     6
         Club              |     5 |       |       ||     5
         Punch             |     1 |       |       ||     1
         Whip              |     6 |    29 |    41 ||    76
         Rapier            |       |       |    43 ||    43
   Cast: Sting             |    45 |    40 |    14 ||    99
         Poisonous Vapours |     9 |    11 |     1 ||    21
         Olgreb's Toxic Ra |       |     2 |    22 ||    24
    Use: Scroll            |       |     3 |     3 ||     6
         Potion            |       |       |     2 ||     2
   Stab: Sleeping          |       |       |     1 ||     1
 Armour: Robe              |    19 |    15 |       ||    34
         Leather armour    |       |     5 |    64 ||    69
  Dodge: Dodged            |    22 |    22 |    57 ||   101

Levels and vault maps discovered:
D:1:      saegor_arrival_simple_a, layout_basic, ebering_ecumenical_altar_webs
D:2:      layout_rooms, basic_altar
D:3:      layout_loops_corners, elyvilon_altar_3,
          mainiacjoe_overflow_concentric_impassable, serial_co_window_serial,
          co_window_cross_1, co_window_paths_a, co_window_paths_a,
          co_window_paths_a, co_window_paths_a, co_window_of_opportunity_b,
          co_window_corner_cb, co_window_corner_b, co_window_corner_cb,
          co_window_corner_cb, co_window_corner_b, co_window_sun,
          glass_columns_a, glass_columns_c, glass_columns_a, glass_columns_a,
          kennysheep_generic_room_8
D:4:      layout_rooms, trog_butcher_becter, serial_shops,
          nicolae_shop_waterfront, uniq_grinder
D:5:      layout_loops_ring, fedhas_bush_and_centaur_altar,
          minmay_temple_entry_poolview, uniq_duvessa, uniq_crazy_yiuf_cottage
D:6:      layout_gridville, uniq_jeremiah

Notes
Turn   | Place    | Note
-------+----------+-------------------------------------------
     0 | D:1      | MackTheKnife the Formicid Venom Mage began the quest for
                  | the Orb.
     0 | D:1      | Reached XP level 1. HP: 13/13 MP: 3/3
     0 | D:1      | magus.rc [v1.9.6]
   236 | D:1      | Reached XP level 2. HP: 20/20 MP: 0/5
   297 | D:1      | Learned a level 2 spell: Poisonous Vapours
   504 | D:1      | Reached skill level 1 in Fighting
  1012 | D:1      | Found a faded altar of an unknown god.
  1207 | D:2      | Reached XP level 3. HP: 21/26 MP: 0/7
  1649 | D:2      | Reached skill level 2 in Fighting
  1795 | D:2      | Reached XP level 4. HP: 32/33 MP: 4/8
  1886 | D:2      | Learned a level 4 spell: Olgreb's Toxic Radiance
  1903 | D:2      | Found a shadowy altar of Dithmenos.
  2154 | D:3      | Reached skill level 3 in Spellcasting
  2319 | D:3      | Found a snail-covered altar of Cheibriados.
  2400 | D:3      | Reached skill level 5 in Poison Magic
  2873 | D:3      | Reached XP level 5. HP: 36/38 MP: 2/10
  3166 | D:3      | Found a white marble altar of Elyvilon.
  3635 | D:4      | Reached skill level 4 in Spellcasting
  3635 | D:4      | Reached skill level 6 in Poison Magic
  3635 | D:4      | Reached XP level 6. HP: 44/44 MP: 5/12
  3827 | D:4      | Found Vuhisatt's Book Boutique.
  3916 | D:4      | Noticed Grinder
  3930 | D:4      | Killed Grinder
  3931 | D:4      | Reached skill level 8 in Poison Magic
  3931 | D:4      | Reached skill level 3 in Fighting
  3931 | D:4      | Reached XP level 7. HP: 52/52 MP: 10/13
  4264 | D:4      | Found a bloodstained altar of Trog.
  4420 | D:4      | Reached skill level 4 in Fighting
  4604 | D:5      | Entered Level 5 of the Dungeon
  4762 | D:5      | Noticed Dowan
  4766 | D:5      | Noticed Duvessa
  4834 | D:5      | Found a blossoming altar of Fedhas.
  4985 | D:5      | Became a worshipper of Fedhas Madash
  5002 | D:5      | Reached skill level 5 in Spellcasting
  5100 | D:5      | Reached XP level 8. HP: 53/60 MP: 5/16
  5274 | D:5      | HP: 13/60 [white imp (5)]
  5411 | D:5      | Found a runed translucent door.
  5412 | D:5      | Noticed Crazy Yiuf
  5517 | D:5      | Killed Crazy Yiuf
  5518 | D:5      | Reached skill level 6 in Spellcasting
  5754 | D:5      | Found a staircase to the Ecumenical Temple.
  6027 | D:5      | Killed Duvessa
  6027 | D:5      | Killed Dowan
  6028 | D:5      | Reached skill level 2 in Dodging
  6194 | D:6      | Reached skill level 5 in Fighting
  6194 | D:6      | Reached skill level 3 in Dodging
  6547 | D:6      | Reached skill level 4 in Dodging
  6628 | D:6      | Reached skill level 6 in Fighting
  6628 | D:6      | Reached skill level 3 in Stealth
  6628 | D:6      | Reached XP level 9. HP: 69/69 MP: 9/18
  6766 | D:6      | Reached * piety under Fedhas
  6901 | D:6      | HP: 16/68 [wight/+1 mace of freezing (3)]
  6908 | D:6      | HP: 16/68 [wight/+1 mace of freezing (1)]
  6911 | D:6      | HP: 4/66 [wight/+1 mace of freezing (4)]
  6912 | D:6      | Slain by a wight

Vanquished Creatures
  Grinder (D:4)
  A water moccasin (D:6)
  Duvessa (D:5)
  A black bear (D:5)
  A centaur (D:5)
  A phantom (D:6)
  2 scorpions (D:6)
  A wight (D:6)
  Dowan (D:5)
  A jelly (D:4)
  Crazy Yiuf (D:5)
  2 orc priests
  2 hounds
  3 iguanas
  A sleepcap (D:5)
  5 orc wizards
  6 adders
  A white imp (D:5)
  2 dart slugs (D:3)
  25 orcs
  6 endoplasms
  2 giant cockroaches (D:1)
  2 goblins (D:1)
  8 hobgoblins
  A jackal (D:3)
  3 quokkas
  2 ball pythons (D:2)
  5 bats
  4 frilled lizards
  5 kobolds
  4 rats
101 creatures vanquished.

Table legend:
 A = Non-vault XP
 B = Vault XP
 C = Vault XP percentage of total XP
 D = Non-vault monster count
 E = Vault monster count
 F = Vault count percentage of total count
                 A         B        C        D         E       F
            +---------+---------+-------+---------+---------+-------
      Total |    1389 |     661 |  32.2 |      91 |      10 |   9.9
            +---------+---------+-------+---------+---------+-------
        D:1 |      24 |       0 |   0.0 |      14 |       0 |   0.0
        D:2 |      45 |       0 |   0.0 |      15 |       0 |   0.0
        D:3 |     112 |       2 |   1.8 |      14 |       1 |   6.7
        D:4 |     292 |     289 |  49.7 |      22 |       5 |  18.5
        D:5 |     262 |     370 |  58.5 |       9 |       4 |  30.8
        D:6 |     654 |       0 |   0.0 |      17 |       0 |   0.0
            +---------+---------+-------+---------+---------+-------

Skill      XL: |  1  2  3  4  5  6  7  8 |
---------------+-------------------------+-----
Fighting       | 1 2 3 4 6 |  6.0
Spellcasting   | 3 4 5 6 |  6.0
Poison Magic   | 5 6 8 |  8.0
Dodging        | 4 |  4.0
Stealth        | 3 |  3.4
Transmutations | |  1.1

Action                     |  1- 3 |  4- 6 |  7- 9 || total
---------------------------+-------+-------+-------++-------
  Melee: Unarmed           |    10 |       |       ||    10
         Short sword       |     6 |       |       ||     6
         Club              |     5 |       |       ||     5
         Punch             |     1 |       |       ||     1
         Whip              |     6 |    29 |    41 ||    76
         Rapier            |       |       |    43 ||    43
   Cast: Sting             |    45 |    40 |    14 ||    99
         Poisonous Vapours |     9 |    11 |     1 ||    21
         Olgreb's Toxic Ra |       |     2 |    22 ||    24
    Use: Scroll            |       |     3 |     3 ||     6
         Potion            |       |       |     2 ||     2
   Stab: Sleeping          |       |       |     1 ||     1
 Armour: Robe              |    19 |    15 |       ||    34
         Leather armour    |       |     5 |    64 ||    69
  Dodge: Dodged            |    22 |    22 |    57 ||   101

Illustrated notes

Table legend:
 A = Kills in this place as a percentage of kills in the entire game.
 B = Kills by you in this place as a percentage of kills by you in the entire game.
 C = Kills by friends in this place as a percentage of kills by friends in the entire game.
 D = Other kills in this place as a percentage of other kills in the entire game.
 E = Experience gained in this place as a percentage of experience gained in the entire game.
 F = Experience gained in this place divided by the number of levels of this place that you have seen.
                   A       B       C       D       E      F
               +-------+-------+-------+-------+-------+----------------------
         Total | 100.0 | 100.0 |   N/A |   N/A | 100.0 | 341.7
       Dungeon | 100.0 | 100.0 |   N/A |   N/A | 100.0 | 341.7
               +-------+-------+-------+-------+-------+----------------------

Table legend: (Time is in decaauts)
 A = Elapsed time spent in this place.
 B = Non-inter-level travel time spent in this place.
 C = Inter-level travel time spent in this place.
 D = Time resting spent in this place.
 E = Time spent auto-exploring this place.
 F = Levels seen in this place.
 G = Mean time per level.
                   A        B        C        D        E       F      G
               +--------+--------+--------+--------+--------+-----+--------+
         Total |   6931 |   6517 |    414 |    912 |   4654 |   6 | 1155.2 |
       Dungeon |   6931 |   6517 |    414 |    912 |   4654 |   6 | 1155.2 |
               +--------+--------+--------+--------+--------+-----+--------+

Top non-repeatable levels by time:
     D:3: 1619 daAuts
     D:5: 1466 daAuts
     D:1: 1129 daAuts
     D:4: 1002 daAuts
     D:2: 908 daAuts
     D:6: 805 daAuts
